% Time on Ice - KELOWNA ROCKETS
Lines # - Real PCT - Wanted PCT - Time Play
Normal Forward
1 - 30% - 36% - 12:52
2 - 29% - 33% - 12:28
3 - 27% - 30% - 11:36
4 - 15% - 1% - 6:33
Normal Defense
1 - 36% - 33% - 15:38
2 - 30% - 32% - 13:02
3 - 29% - 25% - 12:30
4 - 5% - 10% - 2:19
PP Forward
1 - 53% - 55% - 6:21
2 - 47% - 45% - 5:34
PP Defense
1 - 53% - 55% - 6:20
2 - 47% - 45% - 5:35
PK Forward
1 - 66% - 55% - 3:03
2 - 34% - 45% - 1:33
PK Defense
1 - 34% - 55% - 1:33
2 - 66% - 45% - 3:03
PK3 Forward
1 - 0% - 55%
2 - 0% - 45%
PK3 Defense
1 - 0% - 55%
2 - 0% - 45%
44 Forward
1 - 0% - 55%
2 - 0% - 45%
44 Defense
1 - 0% - 55%
2 - 0% - 45%
Last Minute Offensive  - 0:00
Last Minute Defensive  - 0:00
Total
Forward - 60:00
Defense - 60:00
% Time on Ice - LAS VEGAS LIZARD KINGS
Lines # - Real PCT - Wanted PCT - Time Play
Normal Forward
1 - 39% - 38% - 16:52
2 - 31% - 32% - 13:41
3 - 21% - 20% - 9:01
4 - 9% - 10% - 3:55
Normal Defense
1 - 37% - 40% - 16:00
2 - 38% - 40% - 16:39
3 - 22% - 20% - 9:45
4 - 2% - 0% - 1:05
PP Forward
1 - 47% - 75% - 2:11
2 - 53% - 25% - 2:25
PP Defense
1 - 46% - 65% - 2:06
2 - 54% - 35% - 2:30
PK Forward
1 - 58% - 55% - 6:56
2 - 42% - 45% - 4:59
PK Defense
1 - 49% - 70% - 5:50
2 - 51% - 30% - 6:05
PK3 Forward
1 - 0% - 55%
2 - 0% - 45%
PK3 Defense
1 - 0% - 55%
2 - 0% - 45%
44 Forward
1 - 0% - 60%
2 - 0% - 40%
44 Defense
1 - 0% - 55%
2 - 0% - 45%
Last Minute Offensive  - 0:00
Last Minute Defensive  - 0:00
Total
Forward - 60:00
Defense - 60:00
Play-by-Play 1st period 0:01 of 1st period - Johnny Gaudreau wins face-off versus Auston Matthews in neutral zone. 0:09 of 1st period - Ryan Nugent-Hopkins is hit by Dmitri Orlov and loses puck. 0:45 of 1st period - Johnny Gaudreau is hit by Dmitri Orlov. 1:00 of 1st period - Shot by Sean Monahan. 1:00 of 1st period - Stopped by Tuukka Rask with a rebound. 1:34 of 1st period - Shot by Evgeny Kuznetsov. 1:34 of 1st period - Stopped by Marc-Andre Fleury without a rebound. 1:35 of 1st period - Anthony Cirelli wins face-off versus Derek Ryan in LAS VEGAS LIZARD KINGS zone. 2:01 of 1st period - Shot by Vladimir Tarasenko. 2:01 of 1st period - Deflect By Ilya Kovalchuk. 2:01 of 1st period - Shot Misses the Net. 2:45 of 1st period - Shot by Pavel Buchnevich. 2:45 of 1st period - Stopped by Marc-Andre Fleury without a rebound. 2:46 of 1st period - Vladislav Kamenev wins face-off versus Evan Rodrigues in LAS VEGAS LIZARD KINGS zone. 6:00 of 1st period - Sean Monahan is hit by Jonas Siegenthaler and loses puck. 6:07 of 1st period - Shot by Evgeny Kuznetsov. 6:07 of 1st period - Stopped by Marc-Andre Fleury without a rebound. 6:08 of 1st period - Derek Ryan wins face-off versus Vladislav Kamenev in LAS VEGAS LIZARD KINGS zone. 6:10 of 1st period - Icing by Brent Burns. 6:11 of 1st period - Derek Ryan wins face-off versus Evgeny Kuznetsov in LAS VEGAS LIZARD KINGS zone. 6:11 of 1st period - Derek Ryan is hit by Evgeny Kuznetsov. 6:51 of 1st period - Brent Burns is hit by Kristopher Letang and loses puck. 6:55 of 1st period - Icing by Adam Fox. 6:56 of 1st period - Evgeny Kuznetsov wins face-off versus Ryan Nugent-Hopkins in KELOWNA ROCKETS zone. 6:56 of 1st period - Evgeny Kuznetsov is hit by Johnny Gaudreau. 7:44 of 1st period - Shot by Ryan Nugent-Hopkins. 7:44 of 1st period - Shot Blocked by Kristopher Letang. 7:56 of 1st period - Matt Roy is hit by Tyler Bertuzzi and loses puck. 9:13 of 1st period - Mark Giordano is hit by Brayden McNabb and loses puck. 10:55 of 1st period - Shot by Alexander Ovechkin. 10:55 of 1st period - Stopped by Marc-Andre Fleury with a rebound. 11:16 of 1st period - Icing by Mirco Mueller. 11:17 of 1st period - Evan Rodrigues wins face-off versus Anthony Cirelli in LAS VEGAS LIZARD KINGS zone. 11:32 of 1st period - Shot by Ilya Kovalchuk. 11:32 of 1st period - Deflect By Anthony Cirelli. 11:32 of 1st period - Shot Misses the Net. 11:49 of 1st period - Icing by Niklas Hjalmarsson. 11:50 of 1st period - Ryan Nugent-Hopkins wins face-off versus Anthony Cirelli in KELOWNA ROCKETS zone. 11:53 of 1st period - Shot by Ryan Nugent-Hopkins. 11:53 of 1st period - Shot Misses the Net. 12:07 of 1st period - Shot by Ryan Nugent-Hopkins. 12:07 of 1st period - Goal by Ryan Nugent-Hopkins - KELOWNA ROCKETS : 0 - LAS VEGAS LIZARD KINGS : 1. 12:08 of 1st period - Sean Monahan wins face-off versus Evgeny Kuznetsov in neutral zone. 12:30 of 1st period - Shot by Pavel Buchnevich. 12:30 of 1st period - Shot Hit the Post. 12:35 of 1st period - Off-side. 12:36 of 1st period - Auston Matthews wins face-off versus Ryan Nugent-Hopkins in neutral zone. 12:39 of 1st period - Ryan Nugent-Hopkins is hit by Alexander Ovechkin and loses puck. 12:53 of 1st period - Icing by Dmitri Orlov. 12:54 of 1st period - Auston Matthews wins face-off versus Sean Monahan in KELOWNA ROCKETS zone. 13:07 of 1st period - Shot by Auston Matthews. 13:07 of 1st period - Goal by Auston Matthews - KELOWNA ROCKETS : 1 - LAS VEGAS LIZARD KINGS : 1. 13:08 of 1st period - Ryan Nugent-Hopkins wins face-off versus Evgeny Kuznetsov in neutral zone. 13:38 of 1st period - Off-side. 13:39 of 1st period - Auston Matthews wins face-off versus Sean Monahan in neutral zone. 13:44 of 1st period - Shot by Auston Matthews. 13:44 of 1st period - Shot Misses the Net. 13:50 of 1st period - Shot by Jeff Skinner. 13:50 of 1st period - Shot Misses the Net. 13:52 of 1st period - Shot by Brayden McNabb. 13:52 of 1st period - Stopped by Tuukka Rask without a rebound. 13:53 of 1st period - Derek Ryan wins face-off versus Anthony Cirelli in KELOWNA ROCKETS zone. 13:56 of 1st period - Shot by Bobby Ryan. 13:56 of 1st period - Shot Misses the Net. 13:58 of 1st period - Shot by Mirco Mueller. 13:58 of 1st period - Shot Blocked by Jonas Siegenthaler. 14:00 of 1st period - Shot by Bobby Ryan. 14:00 of 1st period - Shot Hit the Post. 14:02 of 1st period - Shot by Matt Roy. 14:02 of 1st period - Stopped by Tuukka Rask without a rebound. 14:03 of 1st period - Alexander Ovechkin wins face-off versus Sean Monahan in KELOWNA ROCKETS zone. 14:16 of 1st period - Shot by Alexander Ovechkin. 14:16 of 1st period - Stopped by Marc-Andre Fleury without a rebound. 14:17 of 1st period - Ryan Nugent-Hopkins wins face-off versus Anthony Cirelli in LAS VEGAS LIZARD KINGS zone. 14:22 of 1st period - Shot by Ilya Kovalchuk. 14:22 of 1st period - Stopped by Marc-Andre Fleury without a rebound. 14:23 of 1st period - Auston Matthews wins face-off versus Johnny Gaudreau in LAS VEGAS LIZARD KINGS zone. 14:39 of 1st period - Kristopher Letang is hit by Johnny Gaudreau and loses puck. 15:00 of 1st period - Shot by Ryan Nugent-Hopkins. 15:00 of 1st period - Stopped by Tuukka Rask without a rebound. 15:01 of 1st period - Evgeny Kuznetsov wins face-off versus Sean Monahan in KELOWNA ROCKETS zone. 15:06 of 1st period - Shot by Pavel Buchnevich. 15:06 of 1st period - Stopped by Marc-Andre Fleury without a rebound. 15:07 of 1st period - Sean Monahan wins face-off versus Ilya Kovalchuk in LAS VEGAS LIZARD KINGS zone. 15:22 of 1st period - Shot by John Marino. 15:22 of 1st period - Shot Misses the Net. 15:34 of 1st period - Shot by Sean Monahan. 15:34 of 1st period - Shot Misses the Net. 15:51 of 1st period - Anthony Cirelli is hit by Matt Niskanen and loses puck. 17:01 of 1st period - Off-side. 17:02 of 1st period - Derek Ryan wins face-off versus Evgeny Kuznetsov in neutral zone. 17:39 of 1st period - Off-side. 17:40 of 1st period - Sean Monahan wins face-off versus Auston Matthews in neutral zone. 18:21 of 1st period - Shot by Auston Matthews. 18:21 of 1st period - Stopped by Marc-Andre Fleury without a rebound. 18:22 of 1st period - Evgeny Kuznetsov wins face-off versus Ryan Nugent-Hopkins in LAS VEGAS LIZARD KINGS zone. 18:23 of 1st period - Shot by Tyler Bertuzzi. 18:23 of 1st period - Shot Blocked by Brent Burns. 18:35 of 1st period - Icing by Pavel Buchnevich. 18:36 of 1st period - Derek Ryan wins face-off versus Evgeny Kuznetsov in KELOWNA ROCKETS zone. 18:57 of 1st period - Shot by Bobby Ryan. 18:57 of 1st period - Shot Misses the Net. 18:59 of 1st period - Shot by Mirco Mueller. 18:59 of 1st period - Stopped by Tuukka Rask without a rebound. 19:00 of 1st period - Ryan Nugent-Hopkins wins face-off versus Auston Matthews in KELOWNA ROCKETS zone. 19:04 of 1st period - Icing by Mark Giordano. 19:05 of 1st period - Ryan Nugent-Hopkins wins face-off versus Auston Matthews in KELOWNA ROCKETS zone. 19:14 of 1st period - Ryan Nugent-Hopkins is hit by Auston Matthews and loses puck. Goals for this period are 1 for KELOWNA ROCKETS vs 1 for LAS VEGAS LIZARD KINGS. Shots for this period are 9 for KELOWNA ROCKETS vs 6 for LAS VEGAS LIZARD KINGS. 2nd period 0:01 of 2nd period - Evgeny Kuznetsov wins face-off versus Sean Monahan in neutral zone. 0:07 of 2nd period - Icing by Matt Niskanen. 0:08 of 2nd period - Sean Monahan wins face-off versus Evgeny Kuznetsov in LAS VEGAS LIZARD KINGS zone. 0:17 of 2nd period - Shot by Nino Niederreiter. 0:17 of 2nd period - Shot Blocked by Tyler Bertuzzi. 0:19 of 2nd period - Shot by John Marino. 0:19 of 2nd period - Shot Misses the Net. 0:55 of 2nd period - Shot by Evgeny Kuznetsov. 0:55 of 2nd period - Stopped by Marc-Andre Fleury without a rebound. 0:56 of 2nd period - Ryan Nugent-Hopkins wins face-off versus Auston Matthews in LAS VEGAS LIZARD KINGS zone. 0:56 of 2nd period - Ryan Nugent-Hopkins is hit by Alexander Ovechkin. 1:21 of 2nd period - Ryan Nugent-Hopkins is hit by Dmitri Orlov and loses puck. 1:56 of 2nd period - Minor Penalty to Vladimir Tarasenko for Hooking. 1:57 of 2nd period - Sean Monahan wins face-off versus Anthony Cirelli in KELOWNA ROCKETS zone. 2:34 of 2nd period - Shot by Nino Niederreiter. 2:34 of 2nd period - Goal by Nino Niederreiter - KELOWNA ROCKETS : 1 - LAS VEGAS LIZARD KINGS : 2. 2:35 of 2nd period - Derek Ryan wins face-off versus Scott Wilson in neutral zone. 2:45 of 2nd period - Matt Niskanen is hit by Jonas Siegenthaler and loses puck. 2:50 of 2nd period - Shot by Barclay Goodrow. 2:50 of 2nd period - Stopped by Tuukka Rask without a rebound. 2:51 of 2nd period - Auston Matthews wins f